 Dungeon Crawl Stone Soup version 0.27-a0-417-g317cea8a3c (webtiles) character file.

Game seed: 1317056056977516666

10849 wampuh the Convoker (level 11, -1/63 HPs)
             Began as a Tengu Summoner on Feb 25, 2021.
             Was a Believer of Sif Muna.
             Slain by a six-headed hydra (13 damage)
             ... on level 3 of the Lair of Beasts.
             The game lasted 00:58:50 (24463 turns).

wampuh the Convoker (Tengu Summoner)               Turns: 24463, Time: 00:58:51

Health: -1/63      AC:  7    Str:  9    XL:     11   Next: 68%
Magic:  11/30      EV: 15    Int: 18    God:    Sif Muna [**....]
Gold:   1029       SH:  0    Dex: 15    Spells: 9/22 levels left

rFire    . . .     SeeInvis .   A - +1 dagger (elec)
rCold    + . .     Faith    .   (no shield)
rNeg     . . .     Spirit   .   k - +0 steam dragon scales
rPois    .         Reflect  .   (helmet restricted)
rElec    +         Harm     .   f - +0 cloak
rCorr    .         Rampage  .   l - +0 pair of gloves
Will     .....                  (boots unavailable)
Stlth    +++.......             L - amulet of regeneration
HPRegen  1.20/turn              E - ring of protection from cold
MPRegen  0.22/turn              J - ring "Haf Kuni" {rElec MP+9}

@: lethally poisoned (-1 -> -7)
A: beak, talons 3, able to fly
a: Fly, Renounce Religion, Channel Magic


You were on level 3 of the Lair of Beasts.
You worshipped Sif Muna.
Sif Muna was pleased with you.
You visited 3 branches of the dungeon, and saw 14 of its levels.
You also visited: Sewer.

You collected 1417 gold pieces.
You spent 388 gold pieces at shops.

Inventory:

Hand Weapons
 a - the +5 dagger of Nadean {freeze, *Corrode rPois Str+9 Dex+7}
   (You found it on level 8 of the Dungeon)

   It has been specially enchanted to freeze those struck by it, causing extra
   injury to most foes and up to half again as much damage against particularly
   susceptible opponents.
   It can also slow down cold-blooded creatures.
   It affects your strength (+9).
   It affects your dexterity (+7).
   It protects you from poison.
   It may corrode you when you take damage.
 A - a +1 dagger of electrocution (weapon)
Armour
 f - a +0 cloak (worn)
 k - +0 steam dragon scales (worn)
 l - a +0 pair of gloves (worn)
 M - a scarf of invisibility
Jewellery
 E - a ring of protection from cold (left hand)
 I - an amulet of faith
 J - the ring "Haf Kuni" (right hand) {rElec MP+9}
   (You bought it in a shop on level 6 of the Dungeon)

   [ring of magical power]

   It insulates you from electricity.
   It affects your magic capacity (+9).
 L - an amulet of regeneration (around neck)
Wands
 m - a wand of iceblast (25)
 q - a wand of polymorph (22)
 y - a wand of charming (18)
 F - a wand of random effects (11)
 G - a wand of paralysis (4)
Scrolls
 g - 4 scrolls of amnesia
 i - 4 scrolls of magic mapping
 n - 2 scrolls of enchant armour
 o - 4 scrolls of fog
 t - 8 scrolls of teleportation
 v - 3 scrolls of fear
 x - 3 scrolls of enchant weapon
 D - 3 scrolls of blinking
 H - a scroll of summoning {unknown}
 K - a scroll of silence {unknown}
 N - a scroll of identify
Potions
 b - 2 potions of brilliance
 c - a potion of lignification
 d - 2 potions of haste
 e - 3 potions of curing
 h - 5 potions of attraction
 j - 3 potions of invisibility
 p - 2 potions of magic {unknown}
 r - a potion of resistance
 s - a potion of might
 u - 3 potions of heal wounds {unknown}
 w - a potion of cancellation {unknown}
 z - a potion of flight {unknown}
 B - a potion of mutation {unknown}
 C - a potion of ambrosia {unknown}


   Skills:
 - Level 5.1 Fighting
 - Level 6.2 Dodging
 - Level 5.1 Stealth
 + Level 6.0 Spellcasting
 + Level 15.3 Summonings
 - Level 5.0 Air Magic
 + Level 3.0 Invocations
 + Level 3.7 Evocations


You had 9 spell levels left.
You knew the following spells:

 Your Spells              Type           Power        Failure   Level
a - Summon Small Mammal   Summ           100%         1%          1
b - Call Imp              Summ           57%          1%          2
c - Call Canine Familiar  Summ           57%          1%          3
d - Summon Lightning Spi  Summ/Air       42%          1%          4
g - Summon Guardian Gole  Hex/Summ       33%          1%          3

Your spell library contained the following spells:

 Spells                   Type           Power        Failure   Level
 Summon Ice Beast         Ice/Summ       33%          4%          4
 Magic Dart               Conj           20%          12%         1
 Searing Ray              Conj           10%          19%         2
 Dazzling Flash           Conj/Hex       10%          34%         3
 Fulminant Prism          Conj/Hex       2%           75%         4
 Iskenderun's Mystic Bla  Conj/Tloc      5%           75%         4


Dungeon Overview and Level Annotations

Branches:
Dungeon (10/15)            Temple (1/1) D:6            Lair (3/6) D:8
  Swamp (0/4) Lair:3          Orc (0/2) D:10          Sewer (visited)
  Snake: Lair:2-4    Spider: Lair:2-4

Altars:
Ashenzari
Cheibriados
Dithmenos
Elyvilon
Fedhas
Gozag
Hepliaklqana
Kikubaaqudgha
Makhleb
Nemelex Xobeh
Okawaru
Qazlal
Ru
Sif Muna
Trog
Uskayaw
Vehumet
Wu Jian
Xom
Yredelemnul
Zin
The Shining One

Shops:
D:6 !=   D:8 :

Annotations:
D:5 3 runed translucent doors, HilariousDeathArtist's ghost, weakling TeDe; Snicker's ghost, weakling DsDe; dickylongcocking's ghost, weakling BaDe; tinescath's ghost, amateur DESu
D:10 exclusions: door and 2 more exclusions
Lair:2 3 runed translucent doors, Zapai's ghost, journeyman DgAr
Lair:3 exclusion: oklob plant


Innate Abilities, Weirdness & Mutations

You have a beak for a mouth.
You have claws for feet.
You can fly continuously.


Message History

Press: ? - help, Dir - move target, f - six-headed hydra
Aim: a six-headed hydra (heavily wounded, ally target) Attack!
Your wolf bites the six-headed hydra!
Your crimson imp blinks!
The black mamba closely misses you.
Your wolf bites the six-headed hydra.
The six-headed hydra misses your wolf. The six-headed hydra bites your wolf.
The six-headed hydra bites your wolf but does no damage.
The six-headed hydra bites your wolf. The six-headed hydra bites your wolf!
Your wolf dies!
Your wolf's corpse disappears in a puff of smoke!
The six-headed hydra bites your lightning spire!
The six-headed hydra roars!
Casting: Call Imp (safe; 1% risk of failure)
Confirm with . or Enter, or press ? or * to list all spells.
The black mamba bites you!
You are poisoned.
The black mamba poisons you!
The six-headed hydra bites your lightning spire but does no damage.
The six-headed hydra bites your lightning spire.
The six-headed hydra bites your lightning spire! x2
Your lightning spire is destroyed!
The black mamba bites you!
You feel sick. The black mamba bites you!
Found 15 gold pieces.
Casting: Call Canine Familiar (safe; 1% risk of failure)
Confirm with . or Enter, or press ? or * to list all spells.
An electric hum fills the air.
You feel sick. The black mamba bites you!
* * * LOW HITPOINT WARNING * * *
You are more poisoned.
The black mamba poisons you!
Your warg bites the black mamba.
Your crimson imp barely misses the six-headed hydra.
As you read the scroll of fear, it crumbles to dust.
You assume a fearsome visage.
Your lightning spire is unaffected.
Your crimson imp is unaffected. x2
The black mamba looks frightened!
The six-headed hydra resists with almost no effort.
You feel sick.
Your crimson imp blinks!
The six-headed hydra bites you!
You die...

....... ........#
....... ..........##
....... ...........#
≈≈≈.... ..........##
≈≈≈.. $.........#
≈≈≈................#
≈≈≈................##
≈≈≈.................#
≈≈≈.............@5.##
≈≈≈.............hD.##
≈≈≈...........8.....#
................S5§.#
...................#.#
###..#.............###
##....#............#
#..................#
##.................#


You could see a six-headed hydra (ally target), a black mamba (fleeing, ally
target), a friendly warg (summoned), a friendly lightning spire (summoned) and 2
friendly crimson imps.

Vanquished Creatures
  A two-headed ogre (D:8)
  3 cane toads (Lair:1)
  A wyvern (Lair:2)
  A yak (Lair:1)
  A basilisk (Lair:1)
  4 water moccasins
  2 black bears (D:8)
  An ice beast (D:6)
  2 wolves
  5 bullfrogs
  A scorpion (D:5)
  4 killer bees (D:9)
  A howler monkey (D:9)
  An electric eel (D:6)
  A quasit (D:5)
  2 orc priests
  2 jellies (D:10)
  4 hounds
  2 orc wizards
  An iguana (Lair:3)
  2 worker ants
  A hound skeleton (D:7)
  A worker ant zombie (D:9)
  A howler monkey skeleton (D:8)
  6 adders
  A river rat (Sewer)
  2 shadow imps
  An ufetubus (D:8)
  An ooze (Sewer)
  An adder zombie (D:5)
  2 worms
  A dart slug (D:3)
  4 leopard geckos
  24 orcs
  3 bats (D:1)
  5 giant cockroaches
  A hobgoblin (D:3)
  3 jackals
  5 kobolds
  A quokka (D:5)
  6 ball pythons
  6 frilled lizards
  4 goblins
  A quokka skeleton (D:10)
  8 rats
131 creatures vanquished.

Vanquished Creatures (collateral kills)
  2 hydras
  A two-headed ogre (D:9)
  8 cane toads
  4 komodo dragons
  4 polar bears
  5 blink frogs (Lair:3)
  A wraith (D:10)
  11 yaks
  A wyvern (D:10)
  A basilisk (Lair:3)
  8 water moccasins
  8 orc warriors
  3 sky beasts
  2 ice beasts
  2 black bears (D:8)
  2 ogres
  10 wolves
  A centaur (D:8)
  2 phantoms
  A kobold brigand (D:9)
  A wyvern zombie (D:7)
  7 bullfrogs
  2 killer bees (D:9)
  4 electric eels
  A howler monkey (D:9)
  4 orc priests
  2 iguanas
  5 orc wizards
  2 worker ants
  A hound skeleton (D:5)
  4 adders
  A howler monkey skeleton (D:4)
  A white imp (D:10)
  An ooze (D:2)
  3 worms
  3 leopard geckos
  25 orcs
  4 giant cockroaches
  3 goblins
  5 hobgoblins
  8 jackals
  A quokka (D:7)
  4 ball pythons
  A frilled lizard (D:1)
  6 kobolds
  7 rats
183 creatures vanquished.

Vanquished Creatures (others)
  A komodo dragon (Lair:3)
  A wolf (Lair:3)
  An orc wizard (D:10)
  An orc (D:10)
  A quokka (D:8)
  53 fungi
  116 plants
  2 withered plants (D:5)
176 creatures vanquished.

Grand Total: 490 creatures vanquished

Notes
Turn   | Place    | Note
-------+----------+-------------------------------------------
     0 | D:1      | wampuh the Tengu Summoner began the quest for the Orb.
     0 | D:1      | Reached XP level 1. HP: 10/10 MP: 4/4
   159 | D:1      | Reached skill level 5 in Summonings
   372 | D:1      | Reached XP level 2. HP: 15/15 MP: 3/6
   375 | D:1      | Learned a level 2 spell: Call Imp
  1200 | D:2      | Reached skill level 6 in Summonings
  1200 | D:2      | Reached XP level 3. HP: 17/19 MP: 0/7
  1819 | D:2      | Found an iron altar of Okawaru.
  1858 | D:2      | Learned a level 3 spell: Call Canine Familiar
  2985 | D:3      | Reached XP level 4. HP: 17/24 MP: 3/8
  4177 | D:4      | Found an opulent altar of Gozag.
  4233 | D:4      | Found a glowing drain.
  4246 | Sewer    | Entered a sewer
  4707 | Sewer    | Gained mutation: You can fly continuously. [Tengu growth]
  4707 | Sewer    | Reached XP level 5. HP: 26/28 MP: 6/10
  5858 | D:4      | Noticed a phantom
  5887 | D:4      | Killed a phantom
  5888 | D:4      | Reached skill level 7 in Summonings
  6158 | D:4      | Reached XP level 6. HP: 18/32 MP: 1/12
  7025 | D:5      | Entered Level 5 of the Dungeon
  7336 | D:5      | Noticed a sky beast
  7350 | D:5      | Killed a sky beast
  7648 | D:5      | Reached skill level 8 in Summonings
  7836 | D:5      | Found a runed translucent gate.
  7836 | D:5      | Found a runed translucent gate.
  7836 | D:5      | Found a runed translucent gate.
  7839 | D:5      | Noticed tinescath's ghost (amateur DESu)
  7839 | D:5      | Noticed Snicker's ghost (weakling DsDe)
  7840 | D:5      | Noticed dickylongcocking's ghost (weakling BaDe)
  7840 | D:5      | Noticed HilariousDeathArtist's ghost (weakling TeDe)
  8012 | D:5      | Reached XP level 7. HP: 36/36 MP: 7/14
  8268 | D:5      | Found a basalt altar of Yredelemnul.
  8725 | D:6      | Reached skill level 9 in Summonings
  9009 | D:6      | Identified a smoking ring mail
  9076 | D:6      | Found a staircase to the Ecumenical Temple.
  9086 | Temple   | Entered the Ecumenical Temple
  9260 | Temple   | Became a worshipper of Sif Muna the Loreminder
  9344 | D:6      | Found Qounot Afib's Jewellery Emporium.
  9366 | D:6      | Found a bloodstained altar of Trog.
 10068 | D:6      | Reached skill level 1 in Evocations
 10286 | D:6      | Found Pantu's Distillery.
 10289 | D:6      | Bought a potion of degeneration for 14 gold pieces
 10833 | D:6      | Reached XP level 8. HP: 27/41 MP: 4/15
 11793 | D:7      | Found a stormy altar of Qazlal.
 12517 | D:8      | Identified a jewelled dagger
 12553 | D:8      | HP: 1/41 [centaur/arrow (11)]
 13370 | D:8      | Reached skill level 10 in Summonings
 13376 | D:8      | HP: 2/61 [water moccasin (6)]
 13393 | D:8      | Reached skill level 5 in Stealth
 13787 | D:8      | Noticed a komodo dragon
 13875 | D:8      | Reached skill level 5 in Dodging
 14209 | D:8      | Reached skill level 1 in Fighting
 14441 | D:8      | Reached XP level 9. HP: 46/47 MP: 7/16
 14544 | D:8      | Found a staircase to the Lair.
 14566 | D:8      | Killed a komodo dragon
 14593 | D:8      | Found Iloimext's Book Boutique.
 14732 | D:8      | Noticed a two-headed ogre
 14756 | D:8      | Killed a two-headed ogre
 14757 | D:8      | Reached skill level 11 in Summonings
 15188 | D:9      | Reached * piety under Sif Muna
 15198 | D:9      | Reached skill level 5 in Spellcasting
 15210 | D:9      | Noticed a two-headed ogre
 15235 | D:9      | Killed a two-headed ogre
 15236 | D:9      | Reached skill level 12 in Summonings
 15980 | D:9      | Found a radiant altar of Vehumet.
 16046 | D:10     | Entered Level 10 of the Dungeon
 16053 | D:10     | Reached XP level 10. HP: 46/58 MP: 9/18
 17021 | D:10     | Reached skill level 5 in Fighting
 17160 | D:10     | Reached skill level 13 in Summonings
 17194 | D:10     | Reached ** piety under Sif Muna
 17369 | D:10     | Found a staircase to the Orcish Mines.
 18643 | Lair:1   | Entered Level 1 of the Lair of Beasts
 18665 | Lair:1   | Learned a level 4 spell: Summon Lightning Spire
 19151 | Lair:1   | Reached skill level 14 in Summonings
 19229 | Lair:1   | Noticed a cane toad
 19622 | D:6      | Bought the ring "Haf Kuni" {rElec MP+9} for 374 gold pieces
 19886 | Lair:1   | Killed a cane toad
 20183 | Lair:1   | Identified a scroll of acquirement
 20184 | Lair:1   | Acquired 664 gold pieces
 20196 | Lair:1   | Noticed a cane toad
 20216 | Lair:1   | Killed a cane toad
 20281 | Lair:1   | Noticed a cane toad
 20297 | Lair:1   | Killed a cane toad
 20701 | Lair:1   | Noticed a cane toad
 20705 | Lair:1   | Noticed a cane toad
 20711 | Lair:1   | Killed a cane toad
 20712 | Lair:1   | Reached skill level 15 in Summonings
 20819 | Lair:1   | Killed a cane toad
 20820 | Lair:1   | Reached XP level 11. HP: 12/63 MP: 19/19
 21685 | Lair:2   | Reached skill level 1 in Air Magic
 21685 | Lair:2   | Reached skill level 1 in Invocations
 22422 | Lair:2   | Noticed a five-headed hydra
 22432 | Lair:2   | Killed a five-headed hydra
 22749 | Lair:2   | Found a runed translucent gate.
 22750 | Lair:2   | Found a runed translucent gate.
 22751 | Lair:2   | Found a runed translucent gate.
 22752 | Lair:2   | Noticed Zapai's ghost (journeyman DgAr)
 22755 | Lair:2   | Noticed a 13-headed hydra
 23069 | Lair:2   | Learned a level 3 spell: Summon Guardian Golem
 23561 | Lair:3   | Noticed a seven-headed hydra
 23571 | Lair:3   | Killed a seven-headed hydra
 23657 | Lair:3   | Reached skill level 5 in Air Magic
 23938 | Lair:3   | Noticed an oklob plant
 24373 | Lair:3   | Found a staircase to the Swamp.
 24450 | Lair:3   | Noticed a six-headed hydra
 24463 | Lair:3   | Slain by a six-headed hydra

Illustrated notes

Levels and vault maps discovered:
D:1:      dpeg_arrival_simpleton_a, layout_loops_cross
D:2:      layout_basic, okawaru_metal_pillars_1_2
D:3:      layout_rooms
D:4:      layout_loops_corners, lemuel_doored_altar, portal_sewer_entry_f
D:5:      wad_lake_hut, layout_basic, kennysheep_mini, gammafunk_ghost_cemetery
D:6:      layout_loops_cross, lightli_temple_of_fire, minmay_temple_entry_ruins,
          serial_shops, shop_statue, shop, serial_bayou_lake_a
D:7:      layout_loops_corners, grunt_qazlal_sundering
D:8:      layout_loops_cross, due_lair_maze_entry_diamond, serial_shops,
          nicolae_shop_stone, kennysheep_path_1
D:9:      layout_loops_cross, lemuel_round_altar, minmay_holes
D:10:     layout_irregular_city, erik_orc_2, serial_column_ruins,
          column_ruins_grid_1, column_ruins_open_tiny, column_ruins_grid_1,
          column_ruins_open_medium, kennysheep_generic_room_16
Temple:   minmay_crystal_spiral_temple
Lair:1:   layout_chaotic_city, lemuel_fruit_fields
Lair:2:   layout_concentric_octagons, gammafunk_ghost_hydra_chop,
          lemuel_fruit_tree, lemuel_fruit_fields, serial_bayou_shore_a
Lair:3:   lemuel_slime, layout_gridlike, minmay_swamp_entry_reptiles,
          minmay_lair_oklob_chamber, grunt_megastairs_1

Skill      XL: |  1  2  3  4  5  6  7  8  9 10 11 |
---------------+----------------------------------+-----
Summonings     | 5 6 7 8 9 10 12 15 | 15.3
Spellcasting   | 3 4 5 6 |  6.0
Evocations     | 1 3 |  3.7
Stealth        | 3 5 |  5.1
Dodging        | 3 5 6 |  6.2
Fighting       | 1 4 5 |  5.1
Air Magic      | 5 |  5.0
Invocations    | 3 |  3.0

Action                   |  1- 3 |  4- 6 |  7- 9 | 10-12 || total
-------------------------+-------+-------+-------+-------++-------
Melee: Club              |    95 |    94 |       |       ||   189
       Kick              |    19 |    27 |    28 |    47 ||   121
       Peck              |     9 |    25 |    17 |    28 ||    79
       Whip              |       |    61 |       |       ||    61
       Dagger            |       |     8 |   146 |   149 ||   303
 Cast: Summon Small Mamm |    11 |     1 |     2 |       ||    14
       Call Imp          |    42 |    95 |    96 |   120 ||   353
       Call Canine Famil |     1 |    16 |    39 |    55 ||   111
       Summon Lightning  |       |       |       |    24 ||    24
       Summon Guardian G |       |       |       |    19 ||    19
Evoke: Wand              |       |       |     7 |       ||     7
  Use: Scroll            |     3 |     5 |     5 |     6 ||    19
       Potion            |       |       |     4 |       ||     4
 Stab: Sleeping          |     4 |     1 |     1 |     2 ||     8
       Distracted        |       |       |     4 |     8 ||    12
Armor: Robe              |    11 |       |       |       ||    11
       Steam dragon scal |    23 |    64 |    61 |    47 ||   195
       Skin              |       |       |    18 |       ||    18
Dodge: Dodged            |    81 |   122 |   166 |   199 ||   568

Table legend: (Time is in decaauts)
 A = Elapsed time spent in this place.
 B = Non-inter-level travel time spent in this place.
 C = Inter-level travel time spent in this place.
 D = Time resting spent in this place.
 E = Time spent auto-exploring this place.
 F = Levels seen in this place.
 G = Mean time per level.
                   A        B        C        D        E       F      G
               +--------+--------+--------+--------+--------+-----+--------+
         Total |  24694 |  23934 |    760 |   8889 |  11555 |  15 | 1646.3 |
       Dungeon |  18386 |  17764 |    622 |   6961 |   8433 |  10 | 1838.6 |
        Temple |    244 |    174 |     70 |      0 |     53 |   1 |  244.0 |
          Lair |   4968 |   4901 |     67 |   1718 |   2399 |   3 | 1656.0 |
         Sewer |   1094 |   1094 |      0 |    210 |    669 |   1 | 1094.0 |
               +--------+--------+--------+--------+--------+-----+--------+

Top non-repeatable levels by time:
     D:7: 2515 daAuts
     D:5: 2424 daAuts
    D:10: 2412 daAuts
     D:8: 2239 daAuts
  Lair:1: 2059 daAuts
     D:2: 1795 daAuts
     D:4: 1630 daAuts
     D:6: 1610 daAuts
  Lair:2: 1546 daAuts
     D:3: 1435 daAuts
  Lair:3: 1362 daAuts
     D:1: 1187 daAuts
     D:9: 1135 daAuts
   Sewer: 1094 daAuts
  Temple: 244 daAuts
